 Dungeon Crawl Stone Soup version 0.30.1-3-gfc49f6343a (webtiles) character file.

Game seed: 15367973188583541716

44405 olmar the Brawler (level 13, -2/123 HPs)
             Began as a Troll Gladiator on June 12, 2023.
             Was a High Priest of Ru.
             Slain by a +2 halberd of distortion (19 damage)
             ... on level 2 of the Elven Halls on July 23, 2023.
             The game lasted 00:26:39 (13472 turns).

olmar the Brawler (Troll Gladiator)                Turns: 13472, Time: 00:26:40

Health: -2/123     AC: 15    Str: 29    XL:     13   Next: 96%
Magic:  7/12       EV: 12    Int:  8    God:    Ru [*****.]
Gold:   510        SH:  0    Dex:  9    Spells: 12/12 levels left

rFire   . .          .
                       - Unarmed
rCold   . . .        (no shield)
rNeg    . . .        u - +0 troll leather armour {Pargi}
rPois   .            b - +0 hat
rElec   .            (no cloak)
rCorr   .            (gloves unavailable)
SInv    .            (boots unavailable)
Will    .....        (no amulet) Stlth
                     Q - ring of Eternal Night {AC+4 Int+4}
HPRegen 2.00/turn    H - +4 ring of protection
MPRegen 0.13/turn

%: no passive effects
@: exhausted, unable to read
A: large, unfitting armour, claws 3, clumsy 1, regeneration 1, shaggy fur 1,
tough skin 1, inability to read after injury 2, no stealth, inability to use
devices
a: Renounce Religion, Draw Out Power, Power Leap, Apocalypse


You were on level 2 of the Elven Halls.
You worshipped Ru.
Ru was extremely pleased with you.
You visited 5 branches of the dungeon, and saw 18 of its levels.
You visited 2 bazaars.
You also visited: Sewer.

You collected 1372 gold pieces.
You spent 862 gold pieces at shops.

Inventory:

Missiles
 g - 4 throwing nets (quivered)
 l - 7 boomerangs of dispersal
 x - 44 poisoned darts
Armour
 a - a +0 robe
 b - a +0 hat (worn)
 c - a +0 kite shield of reflection
 u - a +0 troll leather armour (worn) {Pargi}
 R - +1 swamp dragon scales
Jewellery
 t - a ring of protection from fire
 H - a +4 ring of protection (right claw)
 M - a ring of protection from cold
 O - a ring of see invisible
 Q - the ring of Eternal Night (left claw) {AC+4 Int+4}
   (You found it on level 2 of the Lair of Beasts)

   [ring of protection]

   AC:        It affects your AC (+4).
   Int:       It affects your intelligence (+4).
Scrolls
 e - 12 scrolls of teleportation
 f - a scroll of amnesia
 h - 2 scrolls of immolation
 k - 4 scrolls of fear
 m - 2 scrolls of noise
 n - 2 scrolls of enchant weapon
 o - a scroll of summoning
 r - a scroll of torment
 y - a scroll of brand weapon
 z - a scroll of blinking
 B - a scroll of vulnerability
 C - 3 scrolls of fog
 I - 7 scrolls of identify
 K - a scroll of magic mapping
 P - 3 scrolls of enchant armour
Potions
 i - a potion of curing
 j - 5 potions of magic
 p - 2 potions of brilliance
 q - 2 potions of might
 v - 2 potions of cancellation
 w - 3 potions of mutation
 A - a potion of ambrosia
 D - 3 potions of attraction
 F - 3 potions of flight
 G - a potion of invisibility
 J - 2 potions of lignification
 N - 2 potions of degeneration


   Skills:
 + Level 6.9 Fighting
 + Level 4.9 Throwing
 + Level 6.3 Armour
 + Level 9.6 Dodging
 + Level 18.2 Unarmed Combat


You had 12 spell levels left.
You didn't know any spells.
Your spell library contained the following spells:

 Spells                   Type           Power      Damage    Failure   Level
 Summon Small Mammal      Summ           0%         N/A       43%         1
 Ensorcelled Hibernation  Hex/Ice        0%         N/A       58%         2
 Call Canine Familiar     Summ           0%         N/A       82%         3
 Dazzling Flash           Conj/Hex       0%         N/A       82%         3
 Portal Projectile        Hex/Tloc       0%         N/A       82%         3
 Spider Form              Tmut/Pois      0%         N/A       82%         3
 Summon Guardian Golem    Hex/Summ       0%         N/A       82%         3
 Volatile Blastmotes      Fire/Tloc      0%         2d10      82%         3
 Anguish                  Hex/Necr       0%         N/A       99%         4
 Animate Dead             Necr           0%         N/A       99%         4
 Iskenderun's Mystic Bla  Conj/Tloc      0%         2d3       99%         4
 Leda's Liquefaction      Hex/Erth       0%         N/A       99%         4
 Petrify                  Tmut/Erth      0%         N/A       99%         4
 Summon Lightning Spire   Summ/Air       0%         N/A       99%         4
 Borgnjor's Vile Clutch   Necr/Erth      0%         N/A       100%        5
 Irradiate                Conj/Tmut      0%         3d11      100%        5
 Metabolic Englaciation   Hex/Ice        0%         N/A       100%        5
 Silence                  Hex/Air        0%         N/A       100%        5
 Summon Forest            Summ/Tloc      0%         N/A       100%        5
 Summon Mana Viper        Hex/Summ       0%         N/A       100%        5
 Yara's Violent Unravell  Hex/Tmut       0%         3d3       100%        5
 Conjure Ball Lightning   Conj/Air       0%         3x3d6     100%        6
 Death Channel            Necr           0%         N/A       100%        6
 Starburst                Conj/Fire      0%         6d3       100%        6
 Statue Form              Tmut/Erth      0%         N/A       100%        6
 Summon Cactus Giant      Summ           0%         N/A       100%        6
 Storm Form               Tmut/Air       0%         N/A       100%        7
 Borgnjor's Revivificati  Necr           0%         N/A       100%        8
 Discord                  Hex            0%         N/A       100%        8
 Disjunction              Tloc           0%         N/A       100%        8
 Maxwell's Capacitive Co  Air            0%         ∞         100%        8
 Necromutation            Tmut/Necr      0%         N/A       100%        8
 Death's Door             Necr           0%         N/A       100%        9


Dungeon Overview and Level Annotations

Branches:
Dungeon (10/15)            Temple (1/1) D:7            Lair (3/5) D:9
    Orc (2/2) D:10            Elf (2/3) Orc:2         Sewer (visited)
  Swamp: Lair:2-3    Shoals: Lair:2-3     Snake: Lair:2-3    Spider: Lair:2-3

Altars:
Ashenzari
Cheibriados
Dithmenos
Elyvilon
Fedhas
Gozag
Hepliaklqana
Kikubaaqudgha
Makhleb
Nemelex Xobeh
Okawaru
Qazlal
Ru
Trog
Vehumet
Wu Jian
Xom
Yredelemnul
The Shining One

Shops:
Orc:1 *   Orc:2 ?(*=   Elf:1 *

Annotations:
D:5 1 runed translucent door, Crazy Yiuf
D:6 3 runed translucent doors, ZoeForever1's ghost, novice MiBe
Orc:1 2 transporters, tatocazan's ghost, journeyman MiFi


Innate Abilities, Weirdness & Mutations

You are too large for most types of armour.
You have claws for hands.
You are clumsy. (Dex -2)
Your natural rate of healing is unusually fast.
You are covered in fur. (AC +1)
You have tough skin. (AC +1)
You sometimes lose the ability to read scrolls when taking damage.
You cannot be stealthy.
You cannot study or use magical devices.


Message History

Your claw misses the deep elf pyromancer.
The deep elf pyromancer is almost dead.
You are covered in liquid flames!
The +2 halberd of distortion hits you from afar.
Space warps horribly around you!
* * * LOW HITPOINT WARNING * * *
The deep elf pyromancer gestures at you while chanting.
The bolt of fire hits you.
* * * LOW HITPOINT WARNING * * *
Aiming: Power Leap
Press: ? - help, Dir - move target You kill the deep elf pyromancer!
You are covered in liquid flames!
* * * LOW HITPOINT WARNING * * *
You are no longer on fire.
The +2 halberd of distortion hits you!
* * * LOW HITPOINT WARNING * * *
Unknown command.
You closely miss the +2 halberd of distortion.
The +2 halberd of distortion is almost destroyed.
The +2 halberd of distortion hits you!
* * * LOW HITPOINT WARNING * * *
Unknown command.
You feel much better. The +2 halberd of distortion hits you!!
* * * LOW HITPOINT WARNING * * *
You blink.
You cannot evoke magical items.
Okay, then.
You cannot read scrolls in your current state!
You cannot evoke magical items.
Unknown command.
Throw: large rock
Press: ? - help, Q - select action, (/) - cycle Shift-Dir - straight line, f - +2 halberd of distortion
Aim: a +2 halberd of distortion (severely damaged, 31% to hit)
You throw a large rock.
The large rock hits the +2 halberd of distortion but does no damage.
The +2 halberd of distortion is severely damaged.
The +2 halberd of distortion closely misses you.
The +2 halberd of distortion hits you!!
You die...

##.## ************,,,*
##.## ### ******+++*
###### ##.####.###
*,,,,*,,,* .....#
##'#.....### *,,,,*,,,*
.....# #)........#
*,,***,,,*
.....######.........#
*,,*,,,,,,
....)+....'.........#
*,,*,,,,,,
....[######..(......#
*,,*,,,,,, .....#
#....(@...# *,,+,,,,,,
.....#
###......##***,,*,,,,,,
######
###.##....**,,*,,,,,,
#######.#*,,*,,,,,,
*,#*,,****+**
*,**,,,,,,,,,
*,,*,,,,,,,,,
**,,,,,,,,,,*
*******,,,,*


You could see a +2 halberd of distortion.

Vanquished Creatures
  Kirke (Elf:1)
  Donald (Orc:2)
  5 deep elf death magi
  Snorg (D:10)
  6 dancing weapons
  Nergalle (D:10)
  3 deep elf knights (Elf:2)
  6 deep elf archers
  An orc knight (Orc:1)
  17 deep elf pyromancers
  10 deep elf zephyrmancers
  5 orc sorcerers (Orc:2)
  2 cane toads (Lair:2)
  Maggie (D:10)
  2 komodo dragons
  2 trolls
  2 hornets
  10 blink frogs (Lair:2)
  3 slime creatures (D:9)
  A vampire (D:10)
  A shadow (D:9)
  A water elemental (Elf:2)
  4 fire elementals
  6 humans (D:8)
  A basilisk (Lair:1)
  2 wraiths (D:10)
  10 yaks
  4 hogs (Elf:1)
  2 wyverns
  8 wargs
  2 acid dragons
  3 water moccasins
  3 black bears
  An ice beast (D:6)
  Pargi (Sewer)
  10 orc warriors
  6 ogres
  21 wolves (Lair:2)
  5 centaurs
  A phantom (D:5)
  4 kobold brigands
  A gnoll sergeant (D:6)
  A wyvern zombie (D:7)
  A necrophage (D:7)
  9 bullfrogs
  3 earth elementals
  8 wights
  A howler monkey (D:5)
  A bullfrog zombie (D:7)
  A human zombie (D:7)
  2 centaur zombies (D:7)
  A gnoll bouda (D:3)
  5 hounds
  3 jellies
  16 orc priests
  5 iguanas
  46 orc wizards
  A killer bee zombie (D:7)
  A mummy (D:7)
  A howler monkey zombie (D:7)
  9 gnolls
  8 adders
  A shadow imp (D:8)
  A white imp (D:6)
  An ufetubus (D:4)
  A dart slug (D:1)
  107 orcs
  8 endoplasms
  5 giant cockroaches
  8 goblins
  9 hobgoblins
  4 jackals (D:1)
  6 quokkas
  7 ball pythons
  4 bats
  5 frilled lizards
  27 kobolds
  5 rats
499 creatures vanquished.

Vanquished Creatures (others)
  A manticore (shapeshifter) (Elf:1)
1 creature vanquished.

Grand Total: 500 creatures vanquished

Notes
Turn   | Place    | Note
-------+----------+-------------------------------------------
     0 | D:1      | olmar the Troll Gladiator began the quest for the Orb.
     0 | D:1      | Reached XP level 1. HP: 19/19 MP: 0/0
    70 | D:1      | Upgraded the game from 0.30.0-29-ga12c61a403 to
                  | 0.30.1-3-gfc49f6343a
   156 | D:1      | Reached XP level 2. HP: 27/27 MP: 1/1
   776 | D:2      | Reached XP level 3. HP: 35/35 MP: 2/2
  1421 | D:3      | Reached skill level 4 in Unarmed Combat
  1456 | D:3      | Reached XP level 4. HP: 42/42 MP: 3/3
  1607 | D:3      | Reached XP level 5. HP: 21/49 MP: 4/4
  1730 | D:3      | Found a burning altar of Makhleb.
  2134 | D:4      | Noticed a black bear
  2152 | D:4      | Killed a black bear
  2153 | D:4      | Reached skill level 5 in Unarmed Combat
  2153 | D:4      | Reached XP level 6. HP: 17/57 MP: 5/5
  2345 | D:4      | Reached skill level 1 in Stealth
  2471 | D:4      | Reached skill level 6 in Unarmed Combat
  2478 | D:4      | Reached XP level 7. HP: 54/66 MP: 6/6
  2871 | D:5      | Entered Level 5 of the Dungeon
  2876 | D:5      | Found a glowing drain.
  2994 | Sewer    | Entered a sewer
  3016 | Sewer    | Noticed Pargi
  3027 | Sewer    | Killed Pargi
  3028 | Sewer    | Reached skill level 7 in Unarmed Combat
  3203 | D:5      | Reached XP level 8. HP: 74/74 MP: 7/7
  3413 | D:5      | Found a bloodstained altar of Trog.
  3743 | D:5      | Found an ancient bone altar of Kikubaaqudgha.
  3863 | D:5      | Found a runed translucent door.
  3864 | D:5      | Noticed Crazy Yiuf
  3912 | D:6      | Reached skill level 8 in Unarmed Combat
  3975 | D:6      | Found a radiant altar of Vehumet.
  4068 | D:6      | Found a runed translucent gate.
  4068 | D:6      | Found a runed translucent gate.
  4068 | D:6      | Found a runed translucent gate.
  4074 | D:6      | Noticed ZoeForever1's ghost (novice MiBe)
  4074 | D:6      | Noticed a spectral unseen horror
  4152 | D:6      | Reached skill level 1 in Armour
  4159 | D:6      | Reached skill level 5 in Dodging
  5059 | D:7      | Reached skill level 9 in Unarmed Combat
  5061 | D:7      | Reached XP level 9. HP: 82/83 MP: 8/8
  5102 | D:7      | Found a staircase to the Ecumenical Temple.
  5161 | Temple   | Entered the Ecumenical Temple
  5172 | Temple   | Became a worshipper of Ru the Awakened
  5333 | D:7      | Found a basalt altar of Yredelemnul.
  5582 | D:8      | Found an opulent altar of Gozag.
  5709 | D:8      | Reached skill level 10 in Unarmed Combat
  6000 | D:8      | Reached skill level 11 in Unarmed Combat
  6000 | D:8      | Reached XP level 10. HP: 76/84 MP: 9/9
  6229 | D:8      | Found a stormy altar of Qazlal.
  6229 | D:8      | Found a broken altar of Ashenzari.
  6229 | D:8      | Found a blossoming altar of Fedhas.
  6383 | D:9      | Gained mutation: You cannot study or use magical devices.
                  | [Ru sacrifice]
  6383 | D:9      | Reached * piety under Ru
  6383 | D:9      | Reached ** piety under Ru
  6590 | D:9      | Found an iron altar of Okawaru.
  6632 | D:9      | Found a staircase to the Lair.
  6722 | D:9      | Reached skill level 12 in Unarmed Combat
  7218 | D:10     | Entered Level 10 of the Dungeon
  7321 | D:10     | Found an ornate altar of the Wu Jian Council.
  7352 | D:10     | Found a staircase to the Orcish Mines.
  7476 | D:10     | Noticed Nergalle
  7483 | D:10     | Killed Nergalle
  7484 | D:10     | Reached XP level 11. HP: 99/101 MP: 10/10
  7485 | D:10     | Paralysed by a hornet for 2 turns
  7490 | D:10     | Reached skill level 13 in Unarmed Combat
  7537 | D:10     | Noticed Snorg
  7607 | Lair:1   | Entered Level 1 of the Lair of Beasts
  7625 | Lair:1   | Gained mutation: You occasionally lose the ability to read
                  | scrolls when taking damage. [Ru sacrifice]
  7625 | Lair:1   | Gained mutation: You sometimes lose the ability to read
                  | scrolls when taking damage. [Ru sacrifice]
  7625 | Lair:1   | Reached *** piety under Ru
  8439 | Lair:2   | Reached skill level 5 in Fighting
  8689 | Lair:2   | Reached skill level 14 in Unarmed Combat
  8753 | Lair:2   | Identified the ring of Eternal Night {AC+4 Int+4}
  9095 | Lair:3   | Noticed a seven-headed hydra
  9110 | Lair:2   | Reached skill level 5 in Armour
  9270 | D:10     | Noticed Maggie
  9283 | D:10     | Killed Maggie
  9375 | D:10     | Gained mutation: You are clumsy. (Dex -2) [Ru sacrifice]
  9375 | D:10     | Reached **** piety under Ru
  9468 | D:10     | Killed Snorg
  9695 | Orc:1    | Entered Level 1 of the Orcish Mines
  9702 | Orc:1    | Reached XP level 12. HP: 103/111 MP: 11/11
  9814 | Orc:1    | Found a transporter.
  9816 | Orc:1    | Found a burning altar of Makhleb.
  9983 | Orc:1    | Found a transporter.
 10006 | Orc:1    | Found Feawaenu's Assorted Antiques.
 10014 | Orc:1    | Bought a scroll of identify for 54 gold pieces
 10014 | Orc:1    | Bought a scroll labelled OWOTWE ANWYOGG for 27 gold pieces
 10014 | Orc:1    | Bought a red potion for 24 gold pieces
 10014 | Orc:1    | Bought a red potion for 24 gold pieces
 10052 | Orc:1    | Found the +13 scythe of Curses {drain, curses, Drain}
 10055 | Orc:1    | Noticed tatocazan's ghost (journeyman MiFi)
 10310 | Orc:2    | Entered Level 2 of the Orcish Mines
 10310 | Orc:2    | Noticed Donald
 10450 | Orc:2    | Killed Donald
 10459 | Orc:2    | Found a flickering gateway to a bazaar.
 10532 | Orc:2    | Found a staircase to the Elven Halls.
 10562 | Orc:2    | Paralysed by an orc sorcerer for 3 turns
 10654 | Orc:2    | Reached skill level 15 in Unarmed Combat
 10852 | Orc:2    | Found Dam Jen's Antique Weapon Shoppe.
 10852 | Orc:2    | Found Hoaddoero's Magic Scroll Shop.
 10984 | Bazaar   | Entered a bazaar
 10984 | Bazaar   | Found Katza's Book Boutique.
 10999 | Bazaar   | Found Haraes's Magic Scroll Emporium.
 11002 | Bazaar   | Found Esashurry's Antique Armour Emporium.
 11009 | Bazaar   | Found Hoas's Distillery.
 11015 | Bazaar   | Found Buokk's Weapon Emporium.
 11018 | Bazaar   | Bought a potion of flight for 33 gold pieces
 11018 | Bazaar   | Bought a potion of degeneration for 11 gold pieces
 11018 | Bazaar   | Bought a potion of attraction for 33 gold pieces
 11018 | Bazaar   | Bought a potion of brilliance for 44 gold pieces
 11045 | Bazaar   | Bought a potion of curing for 33 gold pieces
 11045 | Bazaar   | Bought a potion of heal wounds for 55 gold pieces
 11045 | Bazaar   | Bought a potion of mutation for 88 gold pieces
 11055 | Bazaar   | Bought a scroll of teleportation for 27 gold pieces
 11055 | Bazaar   | Bought a scroll of teleportation for 27 gold pieces
 11055 | Bazaar   | Bought a scroll of identify for 18 gold pieces
 11055 | Bazaar   | Bought a scroll of identify for 18 gold pieces
 11055 | Bazaar   | Bought a scroll of fog for 36 gold pieces
 11084 | Bazaar   | Bought a scroll of immolation for 36 gold pieces
 11084 | Bazaar   | Bought a scroll of torment for 85 gold pieces
 11289 | Orc:2    | Found Dufiurast's Jewellery Shoppe.
 11289 | Orc:2    | Found Isosm's Assorted Antiques.
 11646 | Elf:1    | Entered Level 1 of the Elven Halls
 11666 | Elf:1    | Reached skill level 16 in Unarmed Combat
 11730 | Elf:1    | Noticed a deep elf death mage
 11730 | Elf:1    | Noticed a deep elf death mage
 11744 | Elf:1    | Killed a deep elf death mage
 11750 | Elf:1    | Killed a deep elf death mage
 11758 | Elf:1    | Noticed a deep elf death mage
 11763 | Elf:1    | Noticed a deep elf death mage
 11787 | Elf:1    | Gained mutation: You cannot be stealthy. [Ru sacrifice]
 11787 | Elf:1    | Reached ***** piety under Ru
 11798 | Elf:1    | Killed a deep elf death mage
 11799 | Elf:1    | Reached XP level 13. HP: 120/120 MP: 12/12
 11807 | Elf:1    | Killed a deep elf death mage
 11991 | Elf:1    | Noticed Kirke
 12015 | Elf:1    | Killed Kirke
 12074 | Elf:1    | Found Aterych's Gadget Gallery.
 12090 | Elf:1    | Got the Catalogue of Hindering Momentum
 12203 | Elf:1    | Reached skill level 17 in Unarmed Combat
 12801 | Elf:2    | Found a flickering gateway to a bazaar.
 12801 | Elf:2    | Noticed a deep elf death mage
 12819 | Elf:2    | HP: 3/107 [deep elf death mage/bolt of negative energy
                  | (27)]
 12824 | Elf:2    | Killed a deep elf death mage
 12878 | Bazaar   | Entered a bazaar
 12878 | Bazaar   | Found Sef Uceh's Book Boutique.
 12878 | Bazaar   | Found Effewuar's Book Shop.
 12878 | Bazaar   | Found Vophir's General Store.
 12878 | Bazaar   | Found Neosep's Weapon Boutique.
 12927 | Bazaar   | Bought a potion of heal wounds for 45 gold pieces
 12927 | Bazaar   | Bought a potion of invisibility for 72 gold pieces
 12927 | Bazaar   | Bought a scroll of identify for 18 gold pieces
 12927 | Bazaar   | Bought a scroll of teleportation for 27 gold pieces
 12927 | Bazaar   | Bought a scroll of teleportation for 27 gold pieces
 13275 | Elf:2    | Reached skill level 18 in Unarmed Combat
 13351 | Elf:2    | Identified the ring of Kyvenir {rPois rCorr Str+3 Int+3
                  | Stlth+}
 13468 | Elf:2    | HP: 5/123 [+2 halberd of distortion (10)]
 13472 | Elf:2    | Slain by a +2 halberd of distortion

Illustrated notes

Levels and vault maps discovered:
D:1:      elethiomel_arrival_infinity_welcomes_careful_drivers,
          layout_loops_ring, corexii_corridor_pit
D:2:      layout_basic
D:3:      layout_loops_ring, lightli_temple_of_fire, nicolae_grassy_gnolls
D:4:      layout_cave_pools, kennysheep_doodads, minmay_unequal
D:5:      layout_cave_pods, trog_three_pillars_becter, kiku_gazebo_pond_becter,
          portal_sewer_entry_f, uniq_crazy_yiuf_cottage
D:6:      layout_basic, mainiacjoe_overflow_surrounded_room,
          gammafunk_ghost_necromancy
D:7:      layout_basic, lemuel_mausoleum_altar_yredelemnul,
          minmay_temple_entry_tees
D:8:      layout_rooms, grunt_gozag_breadcrumbs, gammafunk_temple_overflow_claw,
          minmay_ruffians
D:9:      wad_crossroads, layout_small_grid, okawaru_metal_pillars_3
D:10:     layout_cave_pools, lemuel_tele_altar, hiddenorc2_lemuel, uniq_maggie,
          uniq_snorg, uniq_nergalle
Temple:   nicolae_temple_ecumenical_triangle
Lair:1:   layout_long_grid, lemuel_fruit_tree, grunt_megastairs_5
Lair:2:   layout_misc_corridors, grunt_megastairs_1
Lair:3:   wander_river, layout_gridlike, nicolae_swamp_entry_splash_gauntlet,
          minmay_snake_entry_guardpost_large, uniq_gastronok
Orc:1:    layout_diamond_mine, serial_shops, shop,
          gammafunk_ghost_berserking_beasts, bloody_makhleb
Orc:2:    st_orc_town, layout_caves, basic_altar, serial_shops, bzr_entry_safe,
          uniq_donald
Elf:1:    eino_elf_arrival_the_gate, layout_onion_city,
          minmay_elf_crystal_heptagon, nicolae_shop_gadgets, uniq_kirke
Elf:2:    nicolae_elf_blades_splatter_lattice [grunt_blade_entry_basic],
          layout_geoelf_grid, serial_shops, bzr_in_the_mist,
          hangedman_elf_power_crystal

Skill      XL: |  1  2  3  4  5  6  7  8  9 10 11 12 13 |
---------------+----------------------------------------+-----
Dodging        | 3 4 5 6 7 8 9 |  9.6
Unarmed Combat | 4 5 6 7 9 11 12 14 16 18 | 18.2
Fighting       | 2 3 4 5 6 |  6.9
Stealth        | 1 0 |  0.0
Armour         | 2 3 4 5 6 |  6.3
Throwing       | 2 4 |  4.9

Action                     |  1- 3 |  4- 6 |  7- 9 | 10-12 | 13-15 || total
---------------------------+-------+-------+-------+-------+-------++-------
  Melee: Unarmed           |   103 |   110 |   346 |   783 |   198 ||  1540
         Punch             |     3 |     3 |    20 |    50 |    14 ||    90
  Throw: Dart              |       |       |     5 |    56 |       ||    61
         Throwing net      |       |       |       |     7 |       ||     7
         Large rock        |       |       |       |       |     1 ||     1
 Invoke: Sacrifice Artific |       |       |       |     1 |       ||     1
         Sacrifice Purity  |       |       |       |     1 |       ||     1
         Sacrifice Words   |       |       |       |     1 |       ||     1
         Power Leap        |       |       |       |     2 |     4 ||     6
         Sacrifice Stealth |       |       |       |     1 |       ||     1
         Draw Out Power    |       |       |       |       |     4 ||     4
         Apocalypse        |       |       |       |       |     1 ||     1
    Use: Potion            |       |     2 |     2 |     4 |    17 ||    25
         Scroll            |       |       |     7 |    16 |     1 ||    24
   Stab: Sleeping          |     2 |     1 |     4 |     1 |       ||     8
         Invisible         |       |       |     3 |     1 |     1 ||     5
         Distracted        |       |       |       |     1 |     1 ||     2
         Paralysed         |       |       |       |       |     1 ||     1
 Armour: Robe              |    27 |    18 |    18 |       |       ||    63
         Skin              |       |    20 |       |       |    53 ||    73
         Troll leather arm |       |       |    94 |   305 |    64 ||   463
  Dodge: Dodged            |    45 |    48 |   160 |   340 |    94 ||   687
